 Dungeon Crawl Stone Soup version 0.20-a0-709-gd40821f (console) character file.

93489 nht the Brawler (level 15, -21/128 HPs)
             Began as a Minotaur Fighter on Feb 21, 2017.
             Was an Elder of Ieoh Jian.
             Killed from afar by a thorn hunter (43 damage)
             ... with a volley of thorns
             ... on level 1 of the Swamp.
             The game lasted 01:10:08 (21089 turns).

nht the Brawler (Minotaur Fighter)                 Turns: 21089, Time: 01:10:10

Health: -21/128    AC: 12    Str: 24    XL:     15   Next: 60%
Magic:  14/14      EV: 17    Int:  5    God:    Ieoh Jian [****..]
Gold:   1588       SH: 19    Dex: 15    Spells: 14/14 levels left

rFire    . . .     SeeInvis .     - Unarmed
rCold    + . .     Gourm    .   C - +2 leather armour of Generosity {rElec rC+ Str+2}
rNeg     . . .     Faith    .   b - +0 shield
rPois    .         Spirit   .   (helmet restricted)
rElec    +         Reflect  +   j - +1 cloak {+Inv}
rCorr    .         Harm     .   c - +2 pair of gloves {archery}
MR       ++...                  (no boots)
Stlth    +.........             i - +5 amulet of reflection
Regen    0.4/turn               L - ring of flight
MPRegen  0.2/turn               k - ring of protection from magic

@: glowing, heaven on earth
A: retaliatory headbutt, horns 2
a: Serpent's Lash, Renounce Religion, Evoke Invisibility, Evoke Flight


You were on level 1 of the Swamp.
You worshipped Ieoh Jian.
Ieoh Jian was greatly pleased with you.
You were hungry.

You visited 5 branches of the dungeon, and saw 25 of its levels.
You also visited: Labyrinth.

You collected 2445 gold pieces.
You spent 857 gold pieces at shops.

Inventory:

Hand Weapons
 N - a +0 blowgun
Missiles
 t - 29 tomahawks (quivered)
 F - 4 tomahawks of returning
 G - 8 javelins
 Q - 8 curare-tipped needles
Armour
 b - a +0 shield (worn)
 c - a +2 pair of gloves of archery (worn)
 j - a +1 cloak of invisibility (worn)
 l - a +0 large shield
 C - the +2 leather armour of Generosity (worn) {rElec rC+ Str+2}
   (You found it on level 3 of the Lair of Beasts)

   It affects your strength (+2).
   It protects you from cold.
   It insulates you from electricity.
 K - the +5 ring mail of the Morning Star {Str+2 Dex+2 Stlth+}
   (You found it on level 12 of the Dungeon)

   It affects your strength (+2).
   It affects your dexterity (+2).
   It makes you more stealthy.
Jewellery
 i - a +5 amulet of reflection (around neck)
 k - a ring of protection from magic (left hand)
 L - a ring of flight (right hand)
Wands
 a - a wand of disintegration (12/24)
 w - a wand of clouds (1/9)
 E - a wand of digging (0/24)
 M - a wand of acid (6/15)
 O - a wand of digging (6/24)
 S - a wand of digging (17/24)
 U - a wand of iceblast (10/15)
 V - a wand of iceblast (0/15)
 Y - a wand of iceblast (4/15)
Scrolls
 e - a scroll of holy word
 g - 6 scrolls of fog
 n - 5 scrolls of enchant weapon
 q - 4 scrolls of recharging
 s - a scroll of teleportation
 y - a scroll of fear
 B - a scroll of magic mapping
 I - 3 scrolls of remove curse
 J - a scroll of silence
 P - a scroll of enchant armour
 R - 8 scrolls of identify
 Z - a scroll of summoning
Potions
 m - 5 potions of curing
 o - 7 potions of lignification
 u - 4 potions of haste
 v - 2 potions of brilliance
 x - 5 potions of agility
 z - 2 potions of invisibility
 A - a potion of mutation
 D - a potion of flight
 H - 2 potions of magic
 W - 2 potions of berserk rage
 X - 2 potions of might
Comestibles
 d - 10 bread rations
 h - 15 royal jellies
 r - 12 meat rations
 T - 3 fruits


   Skills:
 + Level 10.7 Fighting
 + Level 10.6 Throwing
 + Level 10.6 Armour
 - Level 8.0 Dodging
 - Level 15.0 Shields
 * Level 19.0 Unarmed Combat


You had 14 spell levels left.
You didn't know any spells.

Dungeon Overview and Level Annotations

Branches:
Dungeon (15/15)            Temple (1/1) D:5            Lair (6/6) D:10
  Swamp (1/4) Lair:3       Spider (0/4) Lair:4        Slime (0/5) Lair:6
    Orc (2/2) D:9             Elf (0/3) Orc:2        Vaults (0/5) D:13
 Depths (0/5) D:15

Altars:
Ashenzari
Elyvilon
Fedhas
Gozag Ieoh Jian
Nemelex Xobeh
Okawaru
Sif Muna
Vehumet
Yredelemnul
The Shining One
Jiyva

Shops:
Orc:1 (   Orc:2 (}*?


Innate Abilities, Weirdness & Mutations

You reflexively headbutt those who attack you in melee.
You have a pair of horns on your head.


Message History

You block the thorn hunter's attack.
The thorn hunter hits you but does no damage.
The thorn hunter fires a volley of thorns at you.
The volley of thorns hits you!
* * * LOW HITPOINT WARNING * * *
The briar patch crumbles away. x3
The thorn hunter fires a volley of thorns at you.
The volley of thorns misses you.
You enter the shallow water.
Moving in this stuff is going to be slow.
You lunge at the insubstantial wisp, but your attack speed is too slow for a blow to land.
An insubstantial wisp comes into view.
You hear a chilling moan.
The briar patch crumbles away. x2; The thorn hunter misses you.
The thorn hunter hits you!
* * * LOW HITPOINT WARNING * * *
You block the insubstantial wisp's attack.
The thorn hunter fires a volley of thorns at you.
The volley of thorns hits you!
You die...

,****≈≈***≈,,**≈,,≈≈≈≈≈≈,,≈***
,* *≈≈***≈,,.**,≈≈≈≈,,,,≈*** ,*
*≈.♣♣...≈.♣****,,,,,***≈** ≈*
♣♣....≈≈≈,≈* **≈,,,≈*≈,≈* **
♣..≈..≈≈≈..♣* **≈.≈,≈≈,,** *
♣.≈≈≈.♣♣*.§≈***♣♣.≈≈,,,,≈,* ***
♣≈≈≈≈.≈♣*♣§§.**.≈.,,,,,≈≈,* ,,*
*♣§§§.≈♣♣♣♣v♣♣♣§≈**,,,,,,≈*
.,**♣♣.......§vf@P§§♣***,,,≈***
.,,*♣≈..§.§≈§§§vv§§§≈*,,,,***
≈.≈*♣.§≈≈.≈≈≈§§v§§§♣♣≈*≈,,*
≈§♣♣♣..≈≈.≈≈≈§v§§§§§♣♣♣****
≈....D....§≈≈§≈§§§§§§§♣♣♣
....≈≈≈†..§≈≈≈≈≈§§§§§§§.♣♣
..≈.≈≈≈†<.≈≈≈≈≈≈≈§§§§§≈≈.♣♣
≈≈≈≈.÷.♣♣♣≈≈≈≈≈≈≈≈≈..≈≈≈.≈♣
♣≈≈≈..♣♣ *♣♣♣♣♣...≈≈....≈♣♣


You could see a thorn hunter and 5 insubstantial wisps.

Vanquished Creatures
  Frances (D:13)
  Nessos (D:13)
  Azrael (D:13)
  A minotaur (Lab)
  An ettin (D:15)
  Josephine (D:11)
  Fannar (D:11)
  A vault guard (D:13)
  9 hydras
  A centaur warrior (D:14)
  7 two-headed ogres
  A two-headed ogre (shapeshifter) (D:14)
  A tengu warrior (D:15)
  An alligator (Swamp:1)
  4 death yaks (Lair:4)
  3 orc high priests (Orc:2)
  Sonja (Lair:3)
  Nergalle (D:11)
  A death drake (D:11)
  A fire crab (Lair:6)
  2 wizards
  3 unseen horrors
  A deep troll (D:15)
  2 swamp dragons (Swamp:1)
  A deep elf archer (D:15)
  5 orc knights
  4 orc sorcerers (Orc:2)
  6 manticores
  16 ugly things
  10 elephants
  Maurice (D:8)
  2 black mambas
  3 gargoyles (D:14)
  17 spiny frogs
  2 rime drakes
  2 centaur skeletons (D:13)
  6 komodo dragons
  2 tengu conjurers (D:15)
  5 trolls
  4 jumping spiders (Lair:4)
  6 polar bears (Lair:6)
  6 hornets
  A tyrant leech (Swamp:1)
  3 slime creatures (D:13)
  7 blink frogs
  2 bog bodies (Swamp:1)
  13 hippogriffs
  3 dream sheep (Lair:6)
  12 spriggans (Lair:6)
  6 wraiths
  3 vampires
  7 basilisks
  A shadow (Swamp:1)
  6 redbacks (Lair:4)
  2 wyverns
  33 yaks
  The ghost of nht the Chucker, an amateur OgHu of Ieoh Jian (D:4)
  5 hungry ghosts
  2 fire elementals (D:13)
  3 vampire mosquitoes (D:15)
  2 acid dragons
  4 wargs
  2 soldier ants (D:8)
  Duvessa (D:6)
  7 swamp worms
  7 porcupines
  4 hell hounds (D:13)
  6 water moccasins
  2 ice beasts
  5 phantoms
  15 orc warriors
  3 black bears
  2 sky beasts
  12 ogres
  An eye of draining (D:14)
  3 boggarts (Lair:6)
  9 centaurs
  23 wolves
  13 crocodiles
  2 big kobolds
  18 bullfrogs
  A wyvern zombie (D:9)
  Dowan (D:6)
  3 scorpions
  2 troll zombies (D:9)
  12 wights
  2 howler monkeys (D:14)
  3 electric eels
  6 crimson imps
  4 centaur zombies
  A hound (D:7)
  2 jellies
  14 orc priests
  A bullfrog skeleton (D:7)
  8 iguanas
  27 orc wizards
  16 worker ants
  A killer bee zombie (D:7)
  4 ogre zombies (D:9)
  A hound zombie (D:5)
  A howler monkey zombie (D:10)
  A worker ant zombie (D:6)
  7 gnolls
  9 adders
  5 shadow imps
  An adder zombie (D:9)
  4 worms
  4 dart slugs
  6 leopard geckos
  68 orcs
  4 bats
  4 giant cockroaches
  11 goblins
  4 hobgoblins
  13 jackals
  20 kobolds
  5 quokkas
  4 frilled lizards
  A goblin skeleton (D:9)
  A goblin zombie (D:9)
  A hobgoblin skeleton (D:9)
  2 hobgoblin zombies (D:9)
  A jackal skeleton (D:4)
  An orc skeleton (D:9)
  13 orc zombies (D:9)
  A quokka skeleton (D:4)
  7 rats
  A briar patch (Swamp:1)
  A plant (Lair:4)
706 creatures vanquished.

Vanquished Creatures (others)
  A centaur (D:14)
  2 briar patches (Swamp:1)
  A bush (D:14)
  2 fungi (Lair:4)
6 creatures vanquished.

Grand Total: 712 creatures vanquished

Notes
Turn   | Place    | Note
-------+----------+-------------------------------------------
     0 | D:1      | nht the Minotaur Fighter began the quest for the Orb.
     0 | D:1      | Reached XP level 1. HP: 19/19 MP: 0/0
    67 | D:1      | Reached skill level 3 in Unarmed Combat
    96 | D:1      | Reached XP level 2. HP: 24/26 MP: 1/1
   336 | D:1      | Reached XP level 3. HP: 29/31 MP: 2/2
   505 | D:2      | Reached skill level 4 in Unarmed Combat
  1261 | D:3      | Reached XP level 4. HP: 38/39 MP: 3/3
  1323 | D:3      | Reached skill level 5 in Unarmed Combat
  1427 | D:3      | Reached XP level 5. HP: 43/45 MP: 4/4
  1434 | D:3      | Reached skill level 6 in Unarmed Combat
  2105 | D:4      | Noticed nht's ghost (amateur OgHu)
  2117 | D:4      | Killed nht's ghost
  2117 | D:4      | Reached skill level 7 in Unarmed Combat
  2117 | D:4      | Reached XP level 6. HP: 33/51 MP: 5/5
  2330 | D:4      | Reached skill level 8 in Unarmed Combat
  2352 | D:4      | Found a glowing golden altar of the Shining One.
  2542 | D:4      | Reached XP level 7. HP: 52/57 MP: 6/6
  3067 | D:5      | Entered Level 5 of the Dungeon
  3076 | D:5      | Found a staircase to the Ecumenical Temple.
  3089 | D:5      | Reached skill level 9 in Unarmed Combat
  3105 | Temple   | Entered the Ecumenical Temple
  3144 | Temple   | Became a worshipper of the Ieoh Jian Council
  3207 | D:5      | Found a radiant altar of Vehumet.
  3627 | D:6      | Reached skill level 10 in Unarmed Combat
  3691 | D:6      | Reached XP level 8. HP: 58/64 MP: 7/7
  3777 | D:6      | Found a radiant altar of Vehumet.
  3782 | D:6      | Reached * piety under Ieoh Jian
  3959 | D:6      | Reached skill level 11 in Unarmed Combat
  4603 | D:7      | Noticed Duvessa
  4604 | D:7      | Noticed Dowan
  4615 | D:6      | Killed Dowan
  4736 | D:6      | Killed Duvessa
  4871 | D:7      | Reached ** piety under Ieoh Jian
  5050 | D:7      | Reached skill level 5 in Shields
  5285 | D:8      | Noticed Maurice
  5295 | D:8      | Killed Maurice
  5295 | D:8      | Reached skill level 1 in Dodging
  5295 | D:8      | Reached skill level 12 in Unarmed Combat
  5295 | D:8      | Reached XP level 9. HP: 71/71 MP: 8/8
  5596 | D:8      | Noticed a troll
  5603 | D:8      | Killed a troll
  5815 | D:8      | Reached skill level 5 in Fighting
  5815 | D:8      | Reached skill level 5 in Armour
  6042 | D:9      | Got a ripped robe
  6053 | D:9      | Identified the +2 robe of the Kettle-Drum {rC- MR+ Regen+ Int+3} (You found it on level 9 of the Dungeon)
  6073 | D:9      | Noticed a two-headed ogre
  6078 | D:9      | Killed a two-headed ogre
  6151 | D:9      | Found a staircase to the Orcish Mines.
  6191 | D:9      | Reached *** piety under Ieoh Jian
  6219 | D:9      | Reached XP level 10. HP: 63/82 MP: 9/9
  6407 | D:9      | Found a basalt altar of Yredelemnul.
  6414 | D:9      | Reached skill level 13 in Unarmed Combat
  6455 | D:9      | Reached **** piety under Ieoh Jian
  6512 | D:9      | Found a sparkling altar of Nemelex Xobeh.
  6845 | D:10     | Entered Level 10 of the Dungeon
  6855 | D:10     | You fall through a shaft for 3 floors!
  6965 | D:13     | Noticed Nessos
  7295 | D:12     | Identified Arapuz's Catalogue of Poisoning
  7331 | D:12     | Got a blackened ring mail
  7342 | D:12     | Identified the +5 ring mail of the Morning Star {Str+2 Dex+2 Stlth+} (You found it on level 12 of the Dungeon)
  7426 | D:11     | Noticed a brown ugly thing
  7435 | D:12     | Noticed a white ugly thing
  7446 | D:12     | Killed a brown ugly thing
  7446 | D:12     | Reached skill level 5 in Dodging
  7531 | D:12     | Noticed a manticore
  7540 | D:12     | Killed a manticore
  7618 | D:11     | Noticed Nergalle
  7628 | D:11     | Killed Nergalle
  7628 | D:11     | Reached XP level 11. HP: 92/92 MP: 10/10
  7636 | D:11     | Noticed Fannar
  7653 | D:11     | Killed Fannar
  7653 | D:11     | Reached skill level 14 in Unarmed Combat
  8050 | D:10     | Found an opulent altar of Gozag.
  8202 | D:10     | Found a staircase to the Lair.
  8321 | Orc:1    | Entered Level 1 of the Orcish Mines
  8518 | Orc:1    | Reached ***** piety under Ieoh Jian
  8569 | Orc:1    | Found Jady's Weapon Shoppe.
  8892 | D:11     | Noticed a green ugly thing
  8899 | D:11     | Killed a green ugly thing
  8929 | D:11     | Noticed a red ugly thing
  8937 | D:11     | Killed a red ugly thing
  9103 | D:11     | Noticed a five-headed hydra
  9141 | D:11     | Killed a five-headed hydra
  9358 | D:11     | Noticed a cyan ugly thing
  9370 | D:11     | Killed a cyan ugly thing
  9617 | D:11     | Noticed Josephine
  9695 | D:11     | Killed Josephine
  9809 | D:11     | Noticed a death drake
  9809 | D:11     | a manticore changed into a death drake
  9811 | D:11     | Noticed a two-headed ogre
 10110 | D:11     | Killed a two-headed ogre
 10171 | D:11     | Killed a brown ugly thing
 10390 | D:12     | Killed an unseen horror
 10390 | D:12     | Reached skill level 15 in Unarmed Combat
 10390 | D:12     | Reached XP level 12. HP: 74/103 MP: 11/11
 10836 | D:13     | Killed Nessos
 10876 | D:13     | Found an ornate altar of the Ieoh Jian Council.
 10886 | D:13     | Noticed Frances
 10910 | D:13     | Killed Frances
 10968 | D:13     | Noticed a six-headed hydra
 11008 | D:13     | Reached skill level 10 in Shields
 11036 | D:13     | Killed a six-headed hydra
 11147 | D:13     | Got a polished scale mail
 11175 | D:13     | Noticed Azrael
 11326 | Lair:1   | Entered Level 1 of the Lair of Beasts
 11773 | Lair:1   | Reached skill level 10 in Armour
 11830 | Lair:1   | Reached skill level 10 in Fighting
 12015 | Lair:1   | Identified the +0 scale mail "Syluj" {-Tele rN+++ rCorr} (You found it on level 13 of the Dungeon)
 12241 | Lair:2   | Reached skill level 16 in Unarmed Combat
 12442 | Lair:2   | Noticed a four-headed hydra
 12452 | Lair:2   | Killed a four-headed hydra
 12452 | Lair:2   | Reached skill level 1 in Throwing
 12683 | Lair:2   | Reached XP level 13. HP: 108/112 MP: 12/12
 12871 | Lair:3   | Got a scorched leather armour
 12962 | Lair:3   | Noticed Sonja
 12975 | Lair:3   | Killed Sonja
 13396 | Lair:3   | Found a staircase to the Swamp.
 13789 | Lair:4   | Reached skill level 5 in Throwing
 14151 | Lair:4   | Reached skill level 17 in Unarmed Combat
 14447 | Lair:4   | Found a hole to the Spider Nest.
 14779 | Lair:4   | Identified the +2 leather armour of Generosity {rElec rC+ Str+2} (You found it on level 3 of the Lair of Beasts)
 14958 | Lair:5   | You fall through a shaft!
 14958 | Lair:6   | Entered Level 6 of the Lair of Beasts
 14988 | Lair:6   | Reached XP level 14. HP: 74/120 MP: 13/13
 15048 | Lair:6   | Found a viscous altar of Jiyva.
 15049 | Lair:6   | Found a staircase to the Slime Pits.
 16682 | Orc:2    | Entered Level 2 of the Orcish Mines
 16909 | Orc:2    | Found a labyrinth entrance.
 16918 | Lab      | Entered a labyrinth
 17506 | Orc:2    | Found a staircase to the Elven Halls.
 17585 | Orc:2    | Found Boam's Magic Scroll Boutique.
 17600 | Orc:2    | Reached skill level 18 in Unarmed Combat
 17639 | Orc:2    | Found Luezeil's Weapon Boutique.
 17641 | Orc:2    | Found Aghosot's Assorted Antiques.
 17642 | Orc:2    | Found Cecoikoask's Gadget Emporium.
 17676 | Orc:2    | Bought a scroll of magic mapping for 49 gold pieces
 17678 | Orc:2    | Bought a scroll labeled PIDIEDGH LOOTH for 30 gold pieces
 17678 | Orc:2    | Bought a scratched diamond ring for 150 gold pieces
 17982 | Orc:2    | Bought a potion of haste for 300 gold pieces
 17982 | Orc:2    | Bought a potion of lignification for 90 gold pieces
 17985 | Orc:2    | Bought a scroll of identify for 28 gold pieces
 17985 | Orc:2    | Bought a scroll of identify for 28 gold pieces
 17985 | Orc:2    | Bought a scroll of identify for 28 gold pieces
 17985 | Orc:2    | Bought a scroll of identify for 28 gold pieces
 17985 | Orc:2    | Bought a scroll of identify for 28 gold pieces
 17985 | Orc:2    | Bought a scroll of identify for 28 gold pieces
 17985 | Orc:2    | Bought a scroll of identify for 28 gold pieces
 17995 | Orc:2    | Bought a scroll of remove curse for 42 gold pieces
 18380 | D:13     | Killed Azrael
 18482 | D:13     | Reached XP level 15. HP: 66/125 MP: 14/14
 18509 | D:13     | Found a gate to the Vaults.
 19023 | D:14     | Reached skill level 10 in Throwing
 19839 | D:15     | Entered Level 15 of the Dungeon
 19866 | D:15     | Reached skill level 15 in Shields
 20061 | D:15     | Found a staircase to the Depths.
 20188 | D:15     | Found a blossoming altar of Fedhas.
 20765 | Swamp:1  | Entered Level 1 of the Swamp
 20778 | Swamp:1  | Reached skill level 19 in Unarmed Combat
 20785 | Lair:3   | HP: 3/128 [poisoned by a swamp dragon (poison gas)]
 21051 | Swamp:1  | Noticed a thorn hunter
 21089 | Swamp:1  | Killed from afar by a thorn hunter

Vault maps used:
D:1:      dpeg_arrival_line_fractal
D:3:      nrook_loot_triangle, kennysheep_generic_room_14
D:4:      first_bread, tso_metal_star
D:5:      old_standard_altar, temple_fountains
D:6:      vehumet_altar_wand_db
D:7:      uniq_duvessa
D:8:      hangedman_pestilent_swarm, uniq_maurice
D:9:      zombieorc1_lemuel, basic_altar, nemelex_spade_bored_becter
D:10:     lair_entry_dummy, basic_altar
D:11:     uniq_fannar, uniq_josephine, uniq_nergalle
D:13:     david_vaults_5, basic_altar, uniq_nessos, uniq_frances, uniq_azrael
D:14:     minmay_hedge_maze
D:15:     hangedman_depths_entry_civil_slaughter, fedhas_altar_4
Temple:   minmay_crystal_snake_temple
Lair:2:   zaba_anthole, minivault_25
Lair:3:   nicolae_swamp_entry_splash_gauntlet, grunt_megastairs_4, uniq_sonja
Lair:4:   beast_lair_carwin_large_3, nicolae_spider_entry_tight_spaces,
          serial_bayou, serial_bayou_pond_e, serial_bayou_ford_a,
          serial_bayou_pond_e, serial_bayou_pond_e, serial_bayou_pond_e
Lair:5:   infiniplex_staircase_pool_2
Lair:6:   minmay_lair_end_enchanted_forest, slime_altar_1, serial_bayou_pond_c,
          serial_bayou_shore_b, serial_bayou_shore_b
Swamp:1:  portal_ice_cave_entry_pillars_2, hangedman_swamp_blocks
Orc:1:    serial_shops, shop_statue
Orc:2:    st_orc_elflike, lab_entry_generic

Skill      XL: |  1  2  3  4  5  6  7  8  9 10 11 12 13 14 15 |
---------------+----------------------------------------------+-----
Unarmed Combat | 3 4 5 7 8 10 12 13 15 16 17 18 19 | 19.0
Shields        | 5 6 8 9 10 12 14 15 | 15.0
Fighting       | 4 5 7 8 10 | 10.7
Armour         | 4 5 7 8 10 | 10.6
Dodging        | 1 3 5 7 8 |  8.0
Throwing       | 1 6 9 10 | 10.6

Action                   |  1- 3 |  4- 6 |  7- 9 | 10-12 | 13-15 || total
-------------------------+-------+-------+-------+-------+-------++-------
Melee: Unarmed           |   111 |   155 |   357 |   607 |  1169 ||  2399
       Headbutt          |    15 |    24 |    56 |   146 |   281 ||   522
Throw: Tomahawk          |       |       |       |       |    25 ||    25
Invok: Serpent's Lash    |       |       |       |     1 |     1 ||     2
       Heaven On Earth   |       |       |       |       |     5 ||     5
Evoke: Wand              |       |       |    19 |    32 |    12 ||    63
  Use: Potion            |       |     2 |       |     4 |     6 ||    12
       Scroll            |       |       |    22 |    10 |    14 ||    46
 Stab: Distracted        |       |       |     1 |     5 |    10 ||    16
       Sleeping          |       |       |       |     5 |     4 ||     9
       Confused          |       |       |       |     2 |       ||     2
  Eat: Chunk             |     1 |     4 |    12 |    20 |    28 ||    65
       Bread ration      |       |       |       |     1 |       ||     1
       Fruit             |       |       |       |       |     1 ||     1
Armor: Scale mail        |    37 |    38 |    71 |       |       ||   146
       Leather armour    |       |       |    31 |    19 |     3 ||    53
       Ring mail         |       |       |       |    85 |   153 ||   238
Dodge: Dodged            |    29 |    36 |    86 |   192 |   244 ||   587
Block: Shield            |    40 |    64 |   102 |    48 |   534 ||   788
       Buckler           |       |       |    10 |   100 |       ||   110
       Reflection        |       |       |       |     1 |    22 ||    23
